 Dungeon Crawl Stone Soup version 0.31-a0-180-g519b7de00c (webtiles) character file.

Game seed: 14789952151079402909

859 qw the Chopper (level 8, -5/50 HPs)
             Began as a Gargoyle Fighter on June 19, 2023.
             Slain by a two-headed ogre
             ... wielding a +0 dire flail
              (9 damage)
             ... on level 6 of the Dungeon.
             The game lasted 00:01:51 (4425 turns).

qw the Chopper (Gargoyle Fighter)                   Turns: 4425, Time: 00:01:51

Health: -5/50      AC: 20    Str: 21    XL:     8   Next: 2%
Magic:  8/8        EV:  8    Int: 10    God:
Gold:   309        SH:  5    Dex: 15    Spells: 7/7 levels left

rFire   . . .        w - +8 hand axe of Brutal Revenge {vamp, rC+ rN++ Stlth+}
rCold   + . .        c - +0 buckler
rNeg    + + +        p - +1 chain mail {rPois}
rPois   inf          t - +0 helmet
rElec   +            e - +0 cloak
rCorr   .            f - +1 pair of gloves
SInv    +            (no boots)
Will    .....        (no amulet) Stlth
                     r - ring of see invisible
HPRegen 0.28/turn    s - +6 ring of dexterity
MPRegen 0.11/turn

%: no passive effects
@: no status effects
A: sickness immunity, AC +5, negative energy resistance 1, electricity
resistance, torment resistance 1, petrification resistance
a: no special abilities


You were on level 6 of the Dungeon.
You visited 1 branch of the dungeon, and saw 6 of its levels.

You collected 309 gold pieces.


Innate Abilities, Weirdness & Mutations

You are immune to sickness and miasma.
Your stone body is resilient. (AC +5)
You are immune to poison.
You resist negative energy. (rN+)
You are resistant to electric shocks. (rElec)
You are resistant to unholy torment.
You are immune to petrification.


   Skills:
 - Level 5.4 Fighting
 - Level 7.0 Axes
 + Level 3.5 Armour
 - Level 1.2 Dodging
 - Level 3.2 Shields


You had 7 spell levels left.
You didn't know any spells.
Your spell library was empty.

Inventory:

Hand Weapons
 a - a +1 war axe of draining
 n - a +0 flail
 v - a +0 war axe
 w - the +8 hand axe of Brutal Revenge (weapon) {vamp, rC+ rN++ Stlth+}
   (You found it on level 6 of the Dungeon)

   rC:        It protects you from cold.
   rN:        It greatly protects you from negative energy.
   Stlth:     It makes you more stealthy.
Armour
 c - a +0 buckler (worn)
 e - a +0 cloak (worn)
 f - a +1 pair of gloves (worn)
 p - a +1 chain mail of poison resistance (worn)
 t - a +0 helmet (worn)
Jewellery
 g - a ring of ice
 r - a ring of see invisible (left hand)
 s - a +6 ring of dexterity (right hand)
Scrolls
 h - a scroll of teleportation {unknown}
 q - a scroll of identify
Potions
 b - a potion of curing
 d - 3 potions of might
 i - 2 potions of attraction
 k - a potion of heal wounds {unknown}
 l - a potion of haste {unknown}
 m - a potion of brilliance {unknown}
 o - a potion of cancellation {unknown}
 u - a potion of ambrosia {unknown}

Dungeon Overview and Level Annotations

Branches:
Dungeon (6/15)
 Temple: D:4-7

Altars:
Cheibriados
Elyvilon
Gozag
Qazlal
Wu Jian
The Shining One

Annotations:
D:6 1 runed translucent door, Crazy Yiuf


Message History

Enter note:
Enter note: You open the door.
Found a whip.
There is an open door here.
Enter note:
Enter note:
Enter note:
Enter note: Crazy Yiuf shouts!
You see here a +0 whip.
Found an escape hatch in the ceiling.
Enter note:
Enter note:
Enter note:
Enter note: A two-headed ogre comes into view.
It is wielding a +0 dire flail and a +0 giant club.
The two-headed ogre shouts in stereo!
Enter note:
Enter note:
Enter note:
Enter note: You hit the two-headed ogre but do no damage.
The two-headed ogre barely misses you.
The two-headed ogre hits you with a +0 giant club!
You slash the two-headed ogre!
The two-headed ogre is moderately wounded.
The two-headed ogre hits you with a +0 dire flail!
The two-headed ogre hits you with a +0 giant club.
You slash the two-headed ogre!
The two-headed ogre is heavily wounded.
You slash the two-headed ogre!
The two-headed ogre is severely wounded.
The two-headed ogre hits you with a +0 dire flail!
The two-headed ogre hits you with a +0 giant club.
You hit the two-headed ogre.
The two-headed ogre is almost dead.
The two-headed ogre hits you but does no damage.
The two-headed ogre hits you with a +0 giant club!
You die...

##+## #.# ## #.#
+.#######<#######
#................
#...###.....#####
#######.#.###...##
#...O...#.# ##.##
#.###@###.# ###
#........##
##########


You could see a two-headed ogre.

Vanquished Creatures
  A bullfrog (D:6)
  5 scorpions
  A hound (D:5)
  A jelly (D:5)
  2 orc priests (D:3)
  3 iguanas
  2 sleepcaps
  4 orc wizards
  4 adders
  A shadow imp (D:5)
  2 ufetubi
  A worm (D:2)
  A dart slug (D:1)
  15 orcs
  6 endoplasms
  2 giant cockroaches (D:1)
  6 goblins
  6 hobgoblins
  11 jackals
  A quokka (D:1)
  5 ball pythons
  5 bats
  2 frilled lizards (D:1)
  4 kobolds
  2 rats (D:1)
93 creatures vanquished.

Notes
Turn   | Place    | Note
-------+----------+-------------------------------------------
     0 | D:1      | qw the Gargoyle Fighter began the quest for the Orb.
     0 | D:1      | Reached XP level 1. HP: 14/14 MP: 1/1
     0 | D:1      | 0 ||| qw: Version: 0.3-a-7-ge0c9b40
     0 | D:1      | 0 ||| qw: Game counter: 1085
     0 | D:1      | 0 ||| qw: Always use a shield: true
     0 | D:1      | 0 ||| qw: God list: Okawaru
     0 | D:1      | 0 ||| qw: Allow faded altars: false
     0 | D:1      | 0 ||| qw: Do Orc after D:15 true
     0 | D:1      | 0 ||| qw: Do second Lair branch before Depths: true
     0 | D:1      | 0 ||| qw: Lair rune preference: random
     0 | D:1      | 0 ||| qw: Plans: Normal, Zot:1-4, Slime:5, God:TSO, Crypt,
                  | Tomb, Abyss, Pan, Hells, Win
     0 | D:1      | 0 ||| PLANNING D:1-11
    39 | D:1      | 39 ||| Stepping ~*~*~tactically~*~*~ (hiding).
    50 | D:1      | Reached skill level 2 in Axes
    74 | D:1      | Reached XP level 2. HP: 13/19 MP: 2/2
   497 | D:1      | Reached skill level 3 in Axes
   552 | D:1      | Reached XP level 3. HP: 23/23 MP: 3/3
   571 | D:1      | 571 ||| READING 2 scrolls labelled NIABRI WESI.
   572 | D:1      | 572 ||| READING scroll labelled ATSOTI FAMI.
   573 | D:1      | 573 ||| READING scroll labelled ANGUAV DAUN.
   574 | D:1      | 574 ||| READING scroll labelled ZUS ESKIEF.
   575 | D:1      | 575 ||| READING 3 scrolls labelled UVAJA GURU.
   576 | D:1      | 576 ||| DROPPING scroll of summoning.
   577 | D:1      | 577 ||| DROPPING 2 scrolls of blinking.
   623 | D:2      | 623 ||| Stepping ~*~*~tactically~*~*~ (stealth).
   626 | D:2      | 626 ||| Stepping ~*~*~tactically~*~*~ (stealth).
   629 | D:2      | 629 ||| Stepping ~*~*~tactically~*~*~ (stealth).
   679 | D:2      | 679 ||| Stepping ~*~*~tactically~*~*~ (stealth).
   810 | D:2      | 810 ||| Stepping ~*~*~tactically~*~*~ (hiding).
   811 | D:2      | 811 ||| Stepping ~*~*~tactically~*~*~ (hiding).
  1014 | D:2      | Reached XP level 4. HP: 28/28 MP: 4/4
  1406 | D:2      | 1406 ||| UPGRADING to +0 cloak.
  1411 | D:2      | 1411 ||| UPGRADING to +1 pair of gloves.
  1416 | D:2      | 1416 ||| READING scroll labelled IBOMOFRIASA.
  1513 | D:3      | 1513 ||| Stepping ~*~*~tactically~*~*~ (hiding).
  1519 | D:3      | Reached skill level 4 in Axes
  1530 | D:3      | 1530 ||| Stepping ~*~*~tactically~*~*~ (stealth).
  1531 | D:3      | 1531 ||| DROPPING +0 club.
  1541 | D:3      | 1541 ||| Stepping ~*~*~tactically~*~*~ (stealth).
  1543 | D:3      | 1543 ||| Stepping ~*~*~tactically~*~*~ (hiding).
  1544 | D:3      | 1544 ||| Stepping ~*~*~tactically~*~*~ (hiding).
  1552 | D:3      | Reached XP level 5. HP: 31/32 MP: 5/5
  1552 | D:3      | 1552 ||| Stepping ~*~*~tactically~*~*~ (hiding).
  1936 | D:3      | Reached skill level 5 in Axes
  2010 | D:3      | Found a faded altar of an unknown god.
  2018 | D:3      | Reached XP level 6. HP: 35/38 MP: 6/6
  2224 | D:3      | 2224 ||| UPGRADING to +0 chain mail.
  2234 | D:3      | 2234 ||| DROPPING +0 scale mail.
  2235 | D:3      | 2235 ||| READING 2 scrolls labelled NAEPSUF JUHUA.
  2236 | D:3      | 2236 ||| READING scroll labelled BENARA NEOKU.
  2237 | D:3      | 2237 ||| READING scroll labelled UDIEQE XILOLI.
  2788 | D:4      | 2788 ||| UPGRADING to +0 helmet.
  2793 | D:4      | 2793 ||| UPGRADING to ring of see invisible.
  2794 | D:4      | 2794 ||| UPGRADING to +6 ring of dexterity.
  2795 | D:4      | 2795 ||| READING scroll labelled YGIYKI KYSHRYDD.
  2796 | D:4      | 2796 ||| READING 3 scrolls of identify.
  2796 | D:4      | 2796 ||| IDENTIFYING coppery potion
  2797 | D:4      | 2797 ||| READING 2 scrolls of identify.
  2797 | D:4      | 2797 ||| IDENTIFYING golden potion
  2798 | D:4      | 2798 ||| DROPPING potion of berserk rage.
  2809 | D:5      | Entered Level 5 of the Dungeon
  2828 | D:5      | Reached skill level 1 in Dodging
  3189 | D:5      | Reached skill level 6 in Axes
  3189 | D:5      | Reached XP level 7. HP: 43/43 MP: 7/7
  3189 | D:5      | Found an ornate altar of the Wu Jian Council.
  3192 | D:5      | Found a stormy altar of Qazlal.
  3192 | D:5      | Found a white marble altar of Elyvilon.
  3203 | D:5      | Found a snail-covered altar of Cheibriados.
  3206 | D:5      | Found an opulent altar of Gozag.
  3449 | D:5      | 3449 ||| DROPPING +0 hand axe.
  3612 | D:5      | Identified the +0 robe "Zaghin" {Int+6 Dex-3}
  3676 | D:5      | You fall into a shaft and drop 1 floor!
  3679 | D:6      | Identified the +8 hand axe of Brutal Revenge {vamp, rC+
                  | rN++ Stlth+}
  3681 | D:6      | 3681 ||| SWAPPING to +8 hand axe of Brutal Revenge {vamp,
                  | rC+ rN++ Stlth+}.
  3709 | D:6      | Found a glowing golden altar of the Shining One.
  3749 | D:6      | Reached skill level 7 in Axes
  4092 | D:6      | Reached XP level 8. HP: 45/50 MP: 8/8
  4113 | D:6      | 4113 ||| UPGRADING to +1 chain mail of poison resistance.
  4123 | D:6      | 4123 ||| DROPPING +0 chain mail.
  4124 | D:6      | 4124 ||| READING scroll labelled PAONAT SINI.
  4125 | D:6      | 4125 ||| READING scroll labelled ASOLAF ZUUGI.
  4126 | D:6      | 4126 ||| READING scroll labelled DAGOQEU GUYM.
  4127 | D:6      | 4127 ||| DRINKING 2 sedimented amethyst potions.
  4367 | D:6      | Found a runed translucent door.
  4368 | D:6      | Noticed Crazy Yiuf
  4418 | D:6      | Noticed a two-headed ogre
  4424 | D:6      | HP: 10/50 [two-headed ogre/+0 dire flail (16)]
  4424 | D:6      | HP: 4/50 [two-headed ogre/+0 dire flail (6)]
  4425 | D:6      | Slain by a two-headed ogre

Levels and vault maps discovered:
D:1:      mrwooster_arrival_statue_3, layout_basic
D:2:      layout_loops_ring
D:3:      layout_basic, hellmonk_ecumenical_altar_dog_temple
D:4:      layout_basic
D:5:      layout_gridville, minmay_overflow_temple_star_hex
D:6:      layout_loops_corners, tso_altar, temple_green, serial_glass,
          glass_columns_b, glass_columns_a, chequers_avenue, grunt_ministairs_7,
          uniq_pikel, uniq_crazy_yiuf_cottage, uniq_duvessa

Skill      XL: |  1  2  3  4  5  6  7 |
---------------+----------------------+-----
Axes           | 2 3 4 5 6 7 |  7.0
Fighting       | 4 5 |  5.4
Dodging        | 1 |  1.2
Armour         | |  3.5
Shields        | |  3.2

Action                     |  1- 3 |  4- 6 |  7- 9 || total
---------------------------+-------+-------+-------++-------
  Melee: War axe           |    88 |    74 |    17 ||   179
         Hand axe          |       |       |    37 ||    37
  Throw: Boomerang         |       |    35 |       ||    35
    Use: Scroll            |     5 |     7 |     3 ||    15
         Potion            |       |       |     1 ||     1
 Armour: Scale mail        |    38 |    23 |       ||    61
         Chain mail        |       |    18 |    50 ||    68
  Dodge: Dodged            |    37 |    34 |    13 ||    84
  Block: Buckler           |    18 |    13 |     6 ||    37

Table legend:
 A = Non-vault XP
 B = Vault XP
 C = Vault XP percentage of total XP
 D = Non-vault monster count
 E = Vault monster count
 F = Vault count percentage of total count
                 A         B        C        D         E       F
            +---------+---------+-------+---------+---------+-------
      Total |    1220 |       8 |   0.7 |      89 |       4 |   4.3
            +---------+---------+-------+---------+---------+-------
        D:1 |      34 |       0 |   0.0 |      21 |       0 |   0.0
        D:2 |      52 |       0 |   0.0 |      14 |       0 |   0.0
        D:3 |     235 |       8 |   3.3 |      21 |       4 |  16.0
        D:4 |      99 |       0 |   0.0 |       9 |       0 |   0.0
        D:5 |     491 |       0 |   0.0 |      17 |       0 |   0.0
        D:6 |     309 |       0 |   0.0 |       7 |       0 |   0.0
            +---------+---------+-------+---------+---------+-------
